 Dungeon Crawl Stone Soup version 0.27.0-65-ge2af304b15 (webtiles) character file.

Game seed: 8686063483614831101

13106 Kinoniko the Slicer (level 11, -1/95 HPs)
             Began as a Green Draconian Berserker on Aug 19, 2021.
             Was a High Priest of Trog.
             Slain by a rakshasa (illusionary) (14 damage)
             ... on level 11 of the Dungeon.
             The game lasted 00:13:20 (10646 turns).

Kinoniko the Slicer (Green Draconian Berserker)    Turns: 10646, Time: 00:13:20

Health: -1/95      AC: 10    Str: 19    XL:     11   Next: 71%
Magic:  11/11      EV: 24    Int:  8    God:    Trog [*****.]
Gold:   501        SH:  0    Dex: 14    Spells: 10/10 levels left

rFire    . . .     SeeInvis .   u - +3 rapier (venom)
rCold    . . .     Faith    .   (no shield)
rNeg     . . .     Spirit   .   (armour unavailable)
rPois    +         Reflect  .   (helmet restricted)
rElec    .         Harm     .   n - +0 cloak
rCorr    .         Rampage  .   b - +0 pair of gloves
Will     .....                  m - +0 pair of boots
Stlth    +.........             (no amulet)
HPRegen  0.25/turn              j - +4 ring of evasion
MPRegen  0.12/turn              t - +4 ring of evasion

@: brilliant, on berserk cooldown, slowed, studying Fighting, very slow
A: breathe noxious fumes, AC +7, unfitting armour, poison resistance,
cold-blooded
a: Breathe Noxious Fumes, Renounce Religion, Berserk, Trog's Hand, Brothers in
Arms


You were on level 11 of the Dungeon.
You worshipped Trog.
Trog was extremely pleased with you.
You visited 2 branches of the dungeon, and saw 12 of its levels.

You collected 501 gold pieces.

Inventory:

Hand Weapons
 p - a +0 long sword
 u - a +3 rapier of venom (weapon)
Missiles
 e - 5 throwing nets (quivered)
Armour
 b - a +0 pair of gloves (worn)
 i - a +0 kite shield
 m - a +0 pair of boots (worn)
 n - a +0 cloak (worn)
Jewellery
 f - a ring of ice
 j - a +4 ring of evasion (left hand)
 t - a +4 ring of evasion (right hand)
 y - an amulet of guardian spirit
 F - a +4 ring of evasion
 G - an amulet of the acrobat
 I - a +6 ring of strength
Wands
 o - a wand of flame (19)
 q - a wand of mindburst (16)
 B - a wand of charming (9)
 C - a wand of paralysis (10)
 J - a wand of acid (19)
Scrolls
 c - 2 scrolls of identify
 l - 3 scrolls of amnesia
 s - 2 scrolls of teleportation
 w - a scroll of torment
 x - 2 scrolls of immolation
 D - a scroll of silence
 H - a scroll of fear
 K - a scroll of blinking
Potions
 a - a potion of lignification {unknown}
 d - 2 potions of flight {unknown}
 g - a potion of cancellation {unknown}
 h - 2 potions of resistance
 k - 4 potions of might {unknown}
 r - 4 potions of brilliance
 v - a potion of degeneration {unknown}
 z - 2 potions of heal wounds {unknown}
 A - a potion of mutation {unknown}
 E - 2 potions of invisibility {unknown}


   Skills:
 - Level 8.9 Fighting
 * Level 12.4(13.5) Short Blades
 - Level 9.5(12.1) Long Blades
 + Level 9.3 Dodging


You had 10 spell levels left.
You didn't know any spells.
Your spell library was empty.

Dungeon Overview and Level Annotations

Branches:
Dungeon (11/15)            Temple (0/1) D:6            Lair (1/6) D:10
    Orc (0/2) D:9

Altars:
Dithmenos
Gozag
Nemelex Xobeh
Okawaru
Qazlal
Sif Muna
Vehumet
Xom
Zin
The Shining One
Beogh

Shops:
D:8 *

Annotations:
D:6 3 runed translucent doors, EnegeticOcto's ghost, amateur DDDe


Innate Abilities, Weirdness & Mutations

You can breathe blasts of noxious fumes.
Your lurid green scales are hard. (AC +7)
You cannot fit into any form of body armour.
Your system is resistant to poisons. (rPois)
You are cold-blooded and may be slowed by cold attacks.


Message History

You miss the rakshasa.
The rakshasa is severely wounded.
The rakshasa closely misses you.
The rakshasa hits you with a +0 long sword!
The rakshasa misses you.
You hit the rakshasa but do no damage.
The rakshasa is almost dead.
The rakshasa misses you.
The rakshasa hits you with a +0 long sword!
The rakshasa barely misses you.
You are too injured to fight recklessly!
Unknown command.
You barely miss the rakshasa.
The rakshasa is severely wounded.
The rakshasa gestures at you. The lance of force misses you.
You hit the rakshasa but do no damage.
The rakshasa is almost dead.
The rakshasa completely misses you. The rakshasa misses you.
Unknown command.
You closely miss the rakshasa.
The rakshasa is almost dead.
The rakshasa hits you but does no damage. x2
The rakshasa closely misses you.
Unknown command.
You hit the rakshasa.
You kill the rakshasa!
The rakshasa hits you with a +0 long sword!
The rakshasa completely misses you.
Unknown command.
You barely miss the rakshasa.
Your tail-slap misses the rakshasa.
The rakshasa is almost dead.
The rakshasa hits you with a +0 long sword!!
* * * LOW HITPOINT WARNING * * *
Unknown command.
Unknown command.
It was a potion of brilliance.
You feel clever all of a sudden.
The rakshasa hits you with a +0 long sword!
You die...

.....# #.#........#
.....# #..#...#...#
.....####..##.#...#
..........^##.....#
#..........###.####
##.........# #.##
#.........###..#######
####.......##.........#
## #.......##..:@R....#
.###............R.....#
....<.....#.#.>.......#
..#.......#.#.........#
..###..####.#.........#
...###.# .#.........#
........# ...........#
...[...$..##......(...#
.......#...#..$..######


You could see 2 rakshasas.

Vanquished Creatures
  Snorg (D:10)
  Harold (D:10)
  3 two-headed ogres
  Pikel (D:4)
  Joseph (D:8)
  A cyclops (D:11)
  2 centaur zombies (D:10)
  A gargoyle (D:10)
  3 trolls
  A hornet (D:10)
  Sigmund (D:3)
  A shadow (D:11)
  A wraith (D:7)
  3 steam dragons
  5 yaks (D:10)
  3 wargs
  A water moccasin (D:8)
  An acid dragon (D:10)
  5 orc warriors
  4 ice beasts
  2 necrophages
  2 ogres
  3 centaurs
  A lemure (D:4)
  3 kobold brigands
  Blork the orc (D:6)
  4 scorpions
  2 bullfrogs
  2 gnoll sergeants
  A water moccasin skeleton (D:4)
  21 killer bees (D:9)
  4 electric eels (D:10)
  3 howler monkeys
  4 crimson imps (D:3)
  3 bullfrog skeletons
  3 jellies
  6 orc priests
  Crazy Yiuf (D:2)
  A hound (D:3)
  4 iguanas
  Jessica (D:3)
  Ijyb (D:3)
  14 orc wizards
  2 howler monkey zombies
  12 gnolls
  6 adders
  A shadow imp (D:5)
  2 white imps
  3 ufetubi
  A worm (D:5)
  A dart slug (D:4)
  48 orcs
  10 ball pythons
  4 bats
  6 endoplasms
  2 giant cockroaches
  4 goblins
  9 hobgoblins
  2 jackals (D:1)
  20 kobolds
  A quokka (D:2)
  5 frilled lizards
  7 rats
273 creatures vanquished.

Vanquished Creatures (others)
  An ice beast (D:8)
  An orc priest (D:9)
  An orc (D:9)
  A fungus (D:1)
  7 plants (D:10)
11 creatures vanquished.

Grand Total: 284 creatures vanquished

Notes
Turn   | Place    | Note
-------+----------+-------------------------------------------
     0 | D:1      | Kinoniko the Draconian Berserker began the quest for the
                  | Orb.
     0 | D:1      | Reached XP level 1. HP: 19/19 MP: 1/1
   252 | D:1      | Found a faded altar of an unknown god.
   268 | D:1      | Reached XP level 2. HP: 20/26 MP: 2/2
   865 | D:2      | Found an opulent altar of Gozag.
  1336 | D:2      | Reached XP level 3. HP: 31/31 MP: 3/3
  1571 | D:2      | Found a runed translucent door.
  1572 | D:2      | Noticed Crazy Yiuf
  1578 | D:2      | Killed Crazy Yiuf
  1683 | D:3      | Noticed Jessica
  1689 | D:3      | Killed Jessica
  1690 | D:3      | Reached XP level 4. HP: 38/38 MP: 4/4
  1702 | D:3      | Noticed Ijyb
  1704 | D:3      | Noticed Sigmund
  1709 | D:3      | Reached ** piety under Trog
  1711 | D:3      | Killed Ijyb
  1717 | D:3      | Killed Sigmund
  1718 | D:3      | Reached skill level 5 in Long Blades
  1718 | D:3      | Reached XP level 5. HP: 45/45 MP: 5/5
  1718 | D:3      | Reached XP level 6. HP: 51/51 MP: 6/6
  1880 | D:3      | Found a shimmering altar of Xom.
  1990 | D:3      | Found a shimmering blue altar of Sif Muna.
  2356 | D:4      | Found a glowing golden altar of the Shining One.
  2427 | D:4      | Your scales start taking on a lurid green colour.
  2427 | D:4      | Reached XP level 7. HP: 57/57 MP: 7/7
  2427 | D:4      | Gained mutation: Your system is resistant to poisons.
                  | (rPois) [Green Draconian growth]
  2553 | D:4      | Identified a scroll of acquirement
  2555 | D:4      | Noticed Pikel
  2570 | D:4      | Killed Pikel
  2570 | D:4      | Reached *** piety under Trog
  2571 | D:4      | Reached skill level 5 in Dodging
  2571 | D:4      | Reached XP level 8. HP: 63/63 MP: 8/8
  2633 | D:3      | Acquired a manual of Fighting
  2944 | D:4      | Found a faded altar of an unknown god.
  2944 | D:4      | Found a faded altar of an unknown god.
  2952 | D:4      | Found a sparkling altar of Nemelex Xobeh.
  2954 | D:4      | Found a stormy altar of Qazlal.
  2956 | D:4      | Found a glowing silver altar of Zin.
  3293 | D:5      | Entered Level 5 of the Dungeon
  3300 | D:5      | Reached skill level 5 in Fighting
  3392 | D:5      | Found a shadowy altar of Dithmenos.
  3421 | D:5      | Reached skill level 1 in Short Blades
  3516 | D:5      | Reached skill level 2 in Short Blades
  3609 | D:5      | Reached skill level 3 in Short Blades
  3763 | D:5      | Reached XP level 9. HP: 79/79 MP: 9/9
  3766 | D:5      | Reached **** piety under Trog
  4243 | D:6      | Reached skill level 4 in Short Blades
  4243 | D:6      | Found a staircase to the Ecumenical Temple.
  4321 | D:6      | Noticed Blork the orc
  4328 | D:6      | Killed Blork the orc
  4434 | D:6      | Found a runed translucent gate.
  4434 | D:6      | Found a runed translucent gate.
  4435 | D:6      | Found a runed translucent gate.
  4435 | D:6      | Noticed EnegeticOcto's ghost (amateur DDDe)
  4623 | D:6      | Reached skill level 5 in Short Blades
  5021 | D:7      | Identified the +2 ring mail of Heresy {rPois rF- rN+}
  5386 | D:7      | Reached skill level 6 in Short Blades
  5682 | D:7      | Identified the +9 plate armour of Freezing Contentment
                  | {rPois rN++ Will- MP+9}
  6030 | D:8      | Noticed Joseph
  6050 | D:8      | Killed Joseph
  6051 | D:8      | Reached skill level 7 in Short Blades
  6420 | D:8      | Found a radiant altar of Vehumet.
  6447 | D:8      | Reached XP level 10. HP: 75/90 MP: 10/10
  6663 | D:8      | Noticed a two-headed ogre
  6679 | D:8      | Killed a two-headed ogre
  6680 | D:8      | Reached skill level 8 in Short Blades
  7136 | D:8      | Found Xuru Mymn's Assorted Antiques.
  7624 | D:9      | Reached skill level 9 in Short Blades
  7677 | D:9      | Reached ***** piety under Trog
  7853 | D:9      | Noticed a two-headed ogre
  7873 | D:8      | Killed a two-headed ogre
  7874 | D:8      | Reached skill level 10 in Short Blades
  8148 | D:9      | Found a staircase to the Orcish Mines.
  8634 | D:10     | Entered Level 10 of the Dungeon
  8654 | D:10     | Noticed a two-headed ogre
  8666 | D:10     | Killed a two-headed ogre
  8667 | D:10     | Reached XP level 11. HP: 79/95 MP: 9/11
  8771 | D:10     | Identified the +5 dagger "Utyux" {flame, rElec Dex+6} (Trog
                  | gifted it to you on level 10 of the Dungeon)
  8771 | D:10     | Received a gift from Trog
  8797 | D:10     | Found a staircase to the Lair.
  8803 | Lair:1   | Entered Level 1 of the Lair of Beasts
  8940 | D:10     | Reached skill level 11 in Short Blades
  9534 | D:10     | Noticed Snorg
  9547 | D:10     | Killed Snorg
  9773 | D:10     | Noticed Harold
  9808 | D:10     | Killed Harold
  9813 | D:10     | Reached skill level 12 in Short Blades
 10075 | D:10     | Found an iron altar of Okawaru.
 10616 | D:11     | Noticed a rakshasa
 10646 | D:11     | Slain by a rakshasa (illusionary)

Illustrated notes

Levels and vault maps discovered:
D:1:      sevenhm_arrival_forest_fort_small_6, layout_loops_ring,
          dreamdust_ecumenical_altar_grove
D:2:      layout_rooms, basic_altar, uniq_crazy_yiuf_cottage
D:3:      layout_basic, led_xom_imps, mainiacjoe_overflow_paths, uniq_jessica,
          uniq_ijyb, uniq_sigmund
D:4:      layout_cave_pools, mainiacjoe_overflow_cross_hatched,
          chequers_temple_overflow_minitemple, corexii_corridor_pit,
          minmay_goblin_kobold_house, uniq_pikel
D:5:      layout_layer_cave, lemuel_tele_altar
D:6:      layout_basic, minmay_temple_entry_junction,
          biasface_ghost_orc_armoury, uniq_blork_the_orc
D:7:      layout_basic, kennysheep_generic_room_10
D:8:      layout_loops_corners, fiery_altar_vehumet, serial_shops, shop,
          minmay_between, uniq_joseph
D:9:      layout_basic, hiddenorc2_lemuel
D:10:     layout_cross, kennysheep_mini_moat, erik_lair_orcish_takeover,
          serial_bayou, serial_bayou_lake_a, serial_bayou_pond_a,
          serial_bayou_pond_e, serial_bayou_pond_c, uniq_snorg, uniq_harold
D:11:     layout_rooms, small_chamber_with_monster, dk_vineyard_1
Lair:1:   layout_chaotic_city, serial_bayou_shore_b,
          infiniplex_staircase_pool_2, grunt_megastairs_1

Skill      XL: |  1  2  3  4  5  6  7  8  9 10 11 |
---------------+----------------------------------+-----
Dodging        | 3 4 5 6 8 9 |  9.3
Long Blades    | 4 5 6 8 9 |  9.5
Fighting       | 7 8 |  8.9
Short Blades   | 3 7 10 12 | 12.4

Action                   |  1- 3 |  4- 6 |  7- 9 | 10-12 || total
-------------------------+-------+-------+-------+-------++-------
Melee: Falchion          |    70 |    85 |    80 |       ||   235
       Tailslap          |     6 |    21 |    53 |    63 ||   143
       Rapier            |       |       |   236 |   431 ||   667
       Long sword        |       |       |    18 |       ||    18
Invok: Berserk           |     3 |     3 |     7 |    12 ||    25
 Abil: Breathe Noxious F |       |       |       |     2 ||     2
  Use: Scroll            |       |       |     9 |     6 ||    15
       Potion            |       |       |     2 |     2 ||     4
 Stab: Sleeping          |     1 |     1 |     1 |       ||     3
       Distracted        |       |       |       |     1 ||     1
Armor: Skin              |    21 |    17 |    58 |    88 ||   184
Dodge: Dodged            |    58 |    82 |   319 |   496 ||   955
       Rpst.: Falchion   |    19 |    27 |    24 |       ||    70
       Long sword        |       |       |    11 |       ||    11
